 Dungeon Crawl Stone Soup version 0.21-a0-538-gd16b88a (webtiles) character file.

2193 McSplat the Grappler (level 9, 0/88 HPs)
             Began as a Troll Wizard on Dec 15, 2017.
             Was a Follower of Makhleb.
             Succumbed to an orc wizard's poison
             ... on level 6 of the Dungeon.
             The game lasted 00:18:40 (5262 turns).

McSplat the Grappler (Troll Wizard)                 Turns: 5262, Time: 00:18:40

Health: 0/88       AC:  6    Str: 20    XL:     9   Next: 12%
Magic:  4/11       EV: 10    Int: 14    God:    Makhleb [*.....]
Gold:   397        SH:  0    Dex: 10    Spells: 5/12 levels left

rFire    + . .     SeeInvis .     - Unarmed
rCold    x . .     Gourm    +   (no shield)
rNeg     . . .     Faith    .   a - +0 robe
rPois    .         Spirit   .   b - +0 hat
rElec    .         Reflect  .   B - +0 cloak
rCorr    .         Harm     .   (gloves unavailable)
MR       .....                  (boots unavailable)
Stlth    +.........             (no amulet)
HPRegen  0.64/turn              p - +2 ring of dexterity
MPRegen  0.12/turn              i - ring of fire

@: lethally poisoned (0 -> -21), very slightly contaminated
A: large, unfitting armour, claws 3, fast metabolism 3, gourmand, regeneration
1, shaggy fur 1, tough skin 2
a: Renounce Religion


You were on level 6 of the Dungeon.
You worshipped Makhleb.
Makhleb was aware of your devotion.
You were not hungry.

You visited 2 branches of the dungeon, and saw 8 of its levels.

You collected 397 gold pieces.

Inventory:

Armour
 a - a +0 robe (worn)
 b - a +0 hat (worn)
 B - a +0 cloak (worn)
Jewellery
 i - a ring of fire (right claw)
 p - a +2 ring of dexterity (left claw)
Wands
 j - a wand of acid (6)
Scrolls
 e - 3 scrolls of enchant weapon
 k - 3 scrolls of remove curse
 n - 2 scrolls of amnesia {unknown}
 o - a scroll of fog {unknown}
 r - 2 scrolls of teleportation {unknown}
 u - 3 scrolls of identify
 v - 3 scrolls of fear {unknown}
 y - 2 scrolls of blinking {unknown}
 A - a scroll of immolation {unknown}
Potions
 f - 2 potions of magic
 g - 2 potions of lignification
 l - 3 potions of degeneration
 m - 3 potions of heal wounds {unknown}
 s - 6 potions of might {unknown}
 t - 3 potions of curing {unknown}
 x - 3 potions of flight {unknown}
 z - 2 potions of brilliance {unknown}
Books
 c - a book of Minor Magic

   Spells                             Type                      Level
   a - Magic Dart                     Conjuration                  1
   b - Blink                          Translocation                2
   c - Call Imp                       Summoning                    2
   d - Slow                           Hexes                        2
   e - Conjure Flame                  Conjuration/Fire             3
   f - Mephitic Cloud                 Conjuration/Poison/Air       3
Comestibles
 d - 8 bread rations
 h - 2 fruits
 q - 5 royal jellies
 w - a meat ration


   Skills:
 + Level 5.4 Fighting
 - Level 1.5 Dodging
 - Level 1.0 Stealth
 + Level 10.0 Unarmed Combat
 - Level 2.0 Spellcasting
 - Level 0.6 Conjurations
 - Level 0.6 Summonings
 - Level 0.6 Translocations


You had 5 spell levels left.
You knew the following spells:

 Your Spells              Type           Power        Failure   Level  Hunger
a - Magic Dart            Conj           #...         19%         1    ##.....
b - Blink                 Tloc           N/A          28%         2    ###....
c - Call Imp              Summ           #.......     28%         2    ###....
d - Slow                  Hex            #.......     34%         2    ###....


Dungeon Overview and Level Annotations

Branches:
Dungeon (7/15)             Temple (1/1) D:5

Altars:
Ashenzari
Cheibriados
Dithmenos
Elyvilon
Fedhas
Gozag
Hepliaklqana
Kikubaaqudgha
Makhleb
Nemelex Xobeh
Okawaru
Qazlal
Ru
Trog
Uskayaw
Vehumet
Wu Jian
Xom
Yredelemnul
Zin
The Shining One

Annotations:
D:4 Buffagor's ghost, amateur NaFi


Innate Abilities, Weirdness & Mutations

You are too large for most types of armour.
You have claws for hands.
Your metabolism is lightning-fast.
You like to eat raw meat.
Your natural rate of healing is unusually fast.
You are covered in fur. (AC +1)
You have very tough skin. (AC +2)


Message History

You feel sick. Something hits you.
* * * LOW HITPOINT WARNING * * *
You are more poisoned.
You see here 19 arrows.
You feel very sick.
You feel sick. Something hits you but does no damage.
You are lethally poisoned!
* * * LOW HITPOINT WARNING * * *
You feel sick.
There is a stone staircase leading up here.
* * * LOW HITPOINT WARNING * * *
You feel very sick. Something hits you but does no damage.
You are more poisoned.
The orc warrior hits you from afar with a glaive.
* * * LOW HITPOINT WARNING * * *
Something hits you.
* * * LOW HITPOINT WARNING * * *
You climb upwards.
You die...

....)..###(.##.# #.# #....
....##.# #..##.# #.# ####..##
...###.# #..##.# #.# #.....).
.#.###.###..##.# #.######.##..#.
###............# #........##..##
.#.###.######..# ###########....
..## #.# #..# #.... ### #.#
##..########### ##..# #.#
#....@........## #..# #.#
#...###.##.....## #..# #####.#
#...# #.#.......###..# ##...#.#
#...###...........†..#
.....#.#####<...........(..####.#
##...#........)###........## #.#
##.########.###..........#####.#
#.# #............#.......#
#.############.......##########


There were no monsters in sight!

Vanquished Creatures
  A human (D:7)
  4 hogs (D:7)
  A hungry ghost (D:7)
  A phantom (D:7)
  2 sky beasts
  An ogre (D:5)
  A centaur (D:6)
  A crocodile (D:6)
  3 bullfrogs
  4 scorpions
  2 crimson imps (D:5)
  A jelly (D:7)
  A quasit (D:5)
  2 orc wizards
  4 worker ants
  A worker ant zombie (D:7)
  3 gnolls (D:5)
  3 adders
  3 river rats (D:6)
  A shadow imp (D:6)
  2 oozes
  7 worms
  2 dart slugs
  6 leopard geckos
  12 orcs
  7 giant cockroaches
  10 hobgoblins
  4 quokkas
  A ball python (D:5)
  8 bats
  3 frilled lizards
  A giant cockroach zombie (D:5)
  7 goblins
  10 kobolds
  A leopard gecko zombie (D:6)
  8 rats
129 creatures vanquished.

Vanquished Creatures (others)
  A bullfrog (D:6)
1 creature vanquished.

Grand Total: 130 creatures vanquished

Notes
Turn   | Place    | Note
-------+----------+-------------------------------------------
     0 | D:1      | McSplat the Troll Wizard began the quest for the Orb.
     0 | D:1      | Reached XP level 1. HP: 16/16 MP: 2/2
    70 | D:1      | Reached skill level 1 in Unarmed Combat
    98 | D:1      | Reached XP level 2. HP: 24/24 MP: 4/4
   147 | D:1      | Reached skill level 2 in Unarmed Combat
   410 | D:1      | Learned a level 2 spell: Blink
   413 | D:1      | Learned a level 2 spell: Call Imp
   476 | D:2      | Reached XP level 3. HP: 31/31 MP: 5/5
   479 | D:2      | Found a stormy altar of Qazlal.
   563 | D:2      | Reached skill level 3 in Unarmed Combat
  1223 | D:3      | Reached XP level 4. HP: 39/39 MP: 6/6
  1423 | D:3      | Reached skill level 4 in Unarmed Combat
  1645 | D:3      | Learned a level 2 spell: Slow
  1673 | D:3      | Found a burning altar of Makhleb.
  1673 | D:3      | Found a sparkling altar of Nemelex Xobeh.
  2036 | D:3      | Became a worshipper of Makhleb the Destroyer
  2277 | D:4      | Noticed a sky beast
  2300 | D:4      | Killed a sky beast
  2300 | D:4      | Reached skill level 5 in Unarmed Combat
  2300 | D:4      | Reached XP level 5. HP: 16/45 MP: 7/7
  2559 | D:4      | Noticed Buffagor's ghost (amateur NaFi)
  2795 | D:4      | Upgraded the game from 0.21-a0-536-gdbbf329 to 0.21-a0-538-gd16b88a
  2806 | D:5      | Entered Level 5 of the Dungeon
  2823 | D:5      | Reached skill level 6 in Unarmed Combat
  2823 | D:5      | Reached XP level 6. HP: 53/53 MP: 3/8
  3208 | D:5      | Noticed a sky beast
  3226 | D:5      | Killed a sky beast
  3226 | D:5      | Reached skill level 7 in Unarmed Combat
  3226 | D:5      | Reached XP level 7. HP: 54/59 MP: 9/9
  3291 | D:5      | Reached skill level 1 in Fighting
  3474 | D:5      | Found a staircase to the Ecumenical Temple.
  3744 | D:6      | Reached skill level 8 in Unarmed Combat
  3845 | D:6      | Reached XP level 8. HP: 53/75 MP: 7/10
  4005 | D:6      | Reached * piety under Makhleb
  4007 | D:6      | Found a glowing drain.
  4301 | Temple   | Entered the Ecumenical Temple
  4810 | D:7      | Reached skill level 9 in Unarmed Combat
  5149 | D:7      | Reached skill level 5 in Fighting
  5150 | D:7      | Reached XP level 9. HP: 51/88 MP: 4/11
  5218 | D:7      | Reached skill level 10 in Unarmed Combat
  5261 | D:7      | HP: 3/88 [something (2)]
  5262 | D:6      | Succumbed to an orc wizard's poison

Vault maps used:
D:1:      saegor_arrival_simple_e, serial_curves, eino_curves_02,
          eino_curves_02, eino_curves_04
D:2:      nicolae_qazlal_general_emergency
D:3:      gammafunk_temple_overflow_elements
D:4:      minivault_1
D:5:      minmay_temple_entry_from_below_a, first_bread
D:6:      lightli_sewer_entry_pipes, corexii_shack
D:7:      grunt_livestock
Temple:   nicolae_temple_no_exploring_needed

Skill      XL: |  1  2  3  4  5  6  7  8  9 |
---------------+----------------------------+-----
Unarmed Combat | 1 2 3 5 6 7 8 9 10 | 10.0
Fighting       | 3 5 |  5.4
Dodging        | |  1.5
Stealth        | |  1.0
Spellcasting   | |  2.0
Conjurations   | |  0.6
Summonings     | |  0.6
Translocations | |  0.6

Action                   |  1- 3 |  4- 6 |  7- 9 || total
-------------------------+-------+-------+-------++-------
Melee: Unarmed           |   149 |   113 |   174 ||   436
       Punch             |     1 |     2 |     3 ||     6
 Cast: Magic Dart        |       |    20 |    37 ||    57
       Call Imp          |       |     1 |     5 ||     6
       Blink             |       |     1 |       ||     1
  Use: Scroll            |     2 |     2 |     2 ||     6
 Stab: Sleeping          |     1 |     1 |     1 ||     3
  Eat: Chunk             |    17 |     4 |    18 ||    39
       Meat ration       |       |     1 |     1 ||     2
       Fruit             |       |     1 |       ||     1
Armor: Robe              |    44 |    34 |    44 ||   122
Dodge: Dodged            |    80 |    34 |    71 ||   185

Table legend:
 A = Spawn XP
 B = Non-spawn XP
 C = Spawn XP percentage of total XP
 D = Spawn monster count
 E = Non-spawn monster count
 F = Spawn count percentage of total count
 G = Total turns spent on level
                    A         B        C        D         E        F      G
               +---------+---------+-------+---------+---------+-------+---------
         Total |       0 |    3134 |   0.0 |       0 |     130 |   0.0 |  5262
               +---------+---------+-------+---------+---------+-------+---------
           D:1 |       0 |      35 |   0.0 |       0 |      21 |   0.0 |   426
           D:2 |       0 |      44 |   0.0 |       0 |      19 |   0.0 |   717
           D:3 |       0 |     105 |   0.0 |       0 |      25 |   0.0 |   940
           D:4 |       0 |     170 |   0.0 |       0 |       5 |   0.0 |   723
           D:5 |       0 |     567 |   0.0 |       0 |      19 |   0.0 |   816
           D:6 |       0 |     697 |   0.0 |       0 |      22 |   0.0 |   843
           D:7 |       0 |    1516 |   0.0 |       0 |      19 |   0.0 |   795
               +---------+---------+-------+---------+---------+-------+---------
